MID
CEDAR RAPIDS KERNELS @ DAYTON DRAGONS
07/18/2099
 
TOP OF THE 1ST
Cedar Rapids Kernels batting - Pitching for Dayton Dragons : LHP David Jolly
Pitching: LHP David Jolly
Batting: RHB Francisco Villanueva 0-0: Called Strike
0-1: SINGLE (Line Drive, 56D, EV 101.3 MPH)
Batting: LHB Chris Ray 0-0: Called Strike
0-1: DOUBLE (Flyball, 9LD, EV 111.3 MPH)
Francisco Villanueva to third
Runner from 3rd tries for Home, SAFE, no throw by RF
Batting: SHB Brian Miller 0-0: Called Strike
0-1: Ball
1-1: Ground out 4-3 (Groundball, 4S, EV 82.5 MPH)
Chris Ray to third
Batting: RHB Ken Vinson 0-0: Swinging Strike
0-1: Called Strike
0-2: Ball
Wild Pitch!
Chris Ray scores
1-2: Ground out 6-3 (Groundball, 6, EV 80.0 MPH)
Batting: RHB Kevin Bell 0-0: Foul Ball, location: 23FF
0-1: Foul Ball, location: 23F
0-2: Ground out 6-3 (Groundball, 6M, EV 101.9 MPH)
Top of the 1st over - 2 runs, 2 hits, 0 errors, 0 left on base; Cedar Rapids 2 - Dayton 0
BOTTOM OF THE 1ST
Dayton Dragons batting - Pitching for Cedar Rapids Kernels : RHP Carlos Sierra
Pitching: RHP Carlos Sierra
Batting: LHB Scott Guinan 0-0: Ball
1-0: Ball
2-0: Ball
3-0: Base on Balls
Batting: LHB Josh Southerland 0-0: Fly out, F5 (Popup, 56S, EV 81.3 MPH)
Batting: RHB Justin Allan 0-0: Ball
1-0: Called Strike
1-1: Called Strike
1-2: Ball
2-2: Ball
3-2: Foul Ball, location: 23F
3-2: Foul Ball, location: 3DF
3-2: Ground out 6-3 (Groundball, 6, EV 81.3 MPH)
Scott Guinan to second
Batting: LHB Steve Alger 0-0: Ball
1-0: Fly out, F8 (Flyball, 89M, EV 98.1 MPH)
Bottom of the 1st over - 0 runs, 0 hits, 0 errors, 1 left on base; Cedar Rapids 2 - Dayton 0
TOP OF THE 2ND
Cedar Rapids Kernels batting - Pitching for Dayton Dragons : LHP David Jolly
Batting: LHB Mike Contreras 0-0: Called Strike
0-1: Foul Ball, location: 7LMF
0-2: Strikes out swinging
Batting: RHB Jesus Barillas 0-0: Called Strike
0-1: Ball
1-1: Swinging Strike
1-2: Strikes out looking
Batting: RHB Bryan Ruiz 0-0: Ball
1-0: Ground out 5-3 (Groundball, 5, EV 87.5 MPH)
Top of the 2nd over - 0 runs, 0 hits, 0 errors, 0 left on base; Cedar Rapids 2 - Dayton 0
BOTTOM OF THE 2ND
Dayton Dragons batting - Pitching for Cedar Rapids Kernels : RHP Carlos Sierra
Batting: LHB Troy Gallagher 0-0: Called Strike
0-1: Ball
1-1: Ball
2-1: Ball
3-1: SOLO HOME RUN (Flyball, 9D, EV 98.1 MPH), Distance : 369 ft
Batting: RHB Jeff Horn 0-0: Swinging Strike
0-1: Called Strike
0-2: Ball
1-2: Strikes out looking
Batting: RHB Antonio Villasenor 0-0: Called Strike
0-1: Ball
1-1: Fly out, F9 (Flyball, 9D, EV 93.8 MPH)
Batting: RHB Jacob Morrow 0-0: Ball
1-0: Called Strike
1-1: Foul Ball, location: 2F
1-2: Ball
2-2: SINGLE (Line Drive, 89S, EV 86.3 MPH)
Batting: SHB Ray Bennett 0-0: Ball
1-0: Called Strike
1-1: Swinging Strike
1-2: Ball
2-2: Ground out 6-3 (Groundball, P, EV 81.9 MPH)
Bottom of the 2nd over - 1 run, 2 hits, 0 errors, 1 left on base; Cedar Rapids 2 - Dayton 1
TOP OF THE 3RD
Cedar Rapids Kernels batting - Pitching for Dayton Dragons : LHP David Jolly
Batting: SHB Tony Ortiz 0-0: Ball
1-0: Swinging Strike
1-1: Ball
2-1: Foul Ball, location: 5F
2-2: Foul Ball, location: 2F
2-2: Strikes out swinging
Batting: RHB Francisco Villanueva 0-0: Ball
1-0: SINGLE (Line Drive, 4D, EV 98.1 MPH)
Batting: LHB Chris Ray 0-0: SINGLE (Line Drive, 6MD, EV 103.8 MPH)
Francisco Villanueva to second
Francisco Villanueva to third
Batting: SHB Brian Miller 0-0: Ball
1-0: Called Strike
1-1: Ball
2-1: Ball
3-1: Swinging Strike
3-2: Strikes out looking
Batting: RHB Ken Vinson 0-0: Ball
1-0: SINGLE (Line Drive, 9S, EV 101.3 MPH)
Francisco Villanueva scores
Chris Ray to second
Batting: RHB Kevin Bell 0-0: Ball
1-0: Foul Ball, location: 25F
1-1: Swinging Strike
1-2: Ball
2-2: Ball
3-2: Base on Balls
Chris Ray to third
Ken Vinson to second
Batting: LHB Mike Contreras 0-0: Foul Ball, location: 5FF
0-1: Ball
1-1: Swinging Strike
1-2: Strikes out swinging
Top of the 3rd over - 1 run, 3 hits, 0 errors, 3 left on base; Cedar Rapids 3 - Dayton 1
BOTTOM OF THE 3RD
Dayton Dragons batting - Pitching for Cedar Rapids Kernels : RHP Carlos Sierra
Batting: LHB Scott Guinan 0-0: Called Strike
0-1: Ball
1-1: Ball
2-1: Foul Ball, location: 25F
2-2: Ball
3-2: Base on Balls
Batting: LHB Josh Southerland 0-0: Ball
1-0: Ball
2-0: Foul Ball, location: 2F
2-1: Ball
Scott Guinan steals 2nd base
3-1: Called Strike
3-2: Foul Ball, location: 25F
3-2: Foul Ball, location: 2F
3-2: SINGLE (Line Drive, 78S, EV 90.6 MPH)
Scott Guinan to third
Batting: RHB Justin Allan 0-0: Called Strike
0-1: Foul Ball, location: 3SF
0-2: Fly out, F3 (Popup, 3, EV 64.4 MPH)
Batting: LHB Steve Alger 0-0: Ball
1-0: Called Strike
Josh Southerland steals 2nd base
1-1: Ball
2-1: Foul Ball, location: 5DF
2-2: Ball
3-2: Fly out, F5 (Popup, 5F, EV 61.9 MPH)
Batting: LHB Troy Gallagher 0-0: Foul Ball, location: 5SF
0-1: Foul Ball, location: 5SF
0-2: Ball
1-2: Ball
2-2: Foul Ball, location: 2F
2-2: Ball
3-2: Strikes out swinging
Bottom of the 3rd over - 0 runs, 1 hit, 0 errors, 2 left on base; Cedar Rapids 3 - Dayton 1
TOP OF THE 4TH
Cedar Rapids Kernels batting - Pitching for Dayton Dragons : LHP David Jolly
Batting: RHB Jesus Barillas 0-0: Called Strike
0-1: Ball
1-1: Swinging Strike
1-2: Ball
2-2: Foul Ball, location: 9LDF
2-2: Ball
3-2: Strikes out swinging
Batting: RHB Bryan Ruiz 0-0: SINGLE (Line Drive, 78S, EV 95.6 MPH)
Batting: SHB Tony Ortiz 0-0: Foul Ball, location: 2F
0-1: Fly out, F3 (Popup, 3SF, EV 75.6 MPH)
Batting: RHB Francisco Villanueva 0-0: Called Strike
0-1: SINGLE (Line Drive, 4D, EV 94.4 MPH)
Bryan Ruiz to second
Runner from 2nd tries for 3rd, SAFE, throw by CF made to third
Batting: LHB Chris Ray 0-0: Ball
1-0: SINGLE (Flyball, 8RS, EV 92.5 MPH)
Bryan Ruiz scores
Francisco Villanueva to second
Runner from 2nd tries for 3rd, SAFE, no throw by CF
Batting: SHB Brian Miller 0-0: Called Strike
0-1: Ball
1-1: Ball
2-1: Foul Ball, location: 5FF
2-2: Ball
3-2: DOUBLE (Line Drive, 78D, EV 108.8 MPH)
Francisco Villanueva scores
Chris Ray to third
Chris Ray scores
Pitching: RHP Santiago Cruz
Batting: RHB Ken Vinson 0-0: Ball
1-0: Foul Ball, location: 2F
1-1: Ball
2-1: Foul Ball, location: 25F
2-2: Fly out, F9 (Flyball, 9S, EV 86.3 MPH)
Top of the 4th over - 3 runs, 4 hits, 0 errors, 1 left on base; Cedar Rapids 6 - Dayton 1
BOTTOM OF THE 4TH
Dayton Dragons batting - Pitching for Cedar Rapids Kernels : RHP Carlos Sierra
Batting: RHB Jeff Horn 0-0: Ball
1-0: Foul Ball, location: 2F
1-1: Ball
2-1: Ground out 6-3 (Groundball, 6, EV 87.5 MPH)
Batting: RHB Antonio Villasenor 0-0: Called Strike
0-1: Foul Ball, location: 7LMF
0-2: Strikes out swinging
Batting: RHB Jacob Morrow 0-0: Ball
1-0: Ball
2-0: Ball
3-0: Called Strike
3-1: Swinging Strike
3-2: Foul Ball, location: 23F
3-2: Base on Balls
Batting: SHB Ray Bennett 0-0: Ball
1-0: Called Strike
1-1: Hit by Pitch
Jacob Morrow to second
Batting: LHB Scott Guinan 0-0: Ball
1-0: Foul Ball, location: 5FF
1-1: Ball
2-1: Ball
3-1: Swinging Strike
3-2: Ground out U3 (Groundball, 3L, EV 108.8 MPH)
Bottom of the 4th over - 0 runs, 0 hits, 0 errors, 2 left on base; Cedar Rapids 6 - Dayton 1
TOP OF THE 5TH
Cedar Rapids Kernels batting - Pitching for Dayton Dragons : RHP Santiago Cruz
Batting: RHB Kevin Bell 0-0: Ball
1-0: Ball
2-0: Ball
3-0: Base on Balls
Batting: LHB Mike Contreras 0-0: Swinging Strike
0-1: Foul Ball, location: 2F
0-2: Strikes out swinging
Batting: RHB Jesus Barillas 0-0: Ball
1-0: Fielders Choice at 2nd, 3-6 (Groundball, 3, EV 83.8 MPH)
Batting: RHB Bryan Ruiz 0-0: Ball
1-0: Foul Ball, location: 7LDF
1-1: Called Strike
1-2: Strikes out swinging
Top of the 5th over - 0 runs, 0 hits, 0 errors, 1 left on base; Cedar Rapids 6 - Dayton 1
BOTTOM OF THE 5TH
Dayton Dragons batting - Pitching for Cedar Rapids Kernels : RHP Carlos Sierra
Batting: LHB Josh Southerland 0-0: Ball
1-0: Swinging Strike
1-1: Called Strike
1-2: Ground out 5-3 (Groundball, 5D, EV 107.5 MPH)
Batting: RHB Justin Allan 0-0: Ball
1-0: Foul Ball, location: 2LF
1-1: Ball
2-1: Ground out 6-3 (Groundball, 6, EV 83.1 MPH)
Batting: LHB Steve Alger 0-0: Called Strike
0-1: Foul Ball, location: 23FF
0-2: Ball
1-2: Foul Ball, location: 3F
1-2: Ball
2-2: Foul Ball, location: 5F
2-2: DOUBLE (Flyball, 89XD, EV 105.6 MPH)
Pitching: RHP David Perez
Batting: LHB Troy Gallagher 0-0: Ball
1-0: Swinging Strike
1-1: Called Strike
1-2: Ball
2-2: SINGLE (Groundball, 6M, EV 107.5 MPH)
Steve Alger to third
Runner from 3rd tries for Home, SAFE, throw by CF to home
Batting: RHB Jeff Horn 0-0: Ball
1-0: Foul Ball, location: 5F
1-1: SINGLE (Line Drive, 34D, EV 103.1 MPH)
Troy Gallagher to second
Batting: RHB Antonio Villasenor 0-0: Ball
1-0: Ball
2-0: Foul Ball, location: 2F
2-1: Ball
Wild Pitch!
Troy Gallagher to third
Jeff Horn to second
3-1: Foul Ball, location: 5F
3-2: Ground out 6-3 (Groundball, 56, EV 87.5 MPH)
Bottom of the 5th over - 1 run, 3 hits, 0 errors, 2 left on base; Cedar Rapids 6 - Dayton 2
TOP OF THE 6TH
Cedar Rapids Kernels batting - Pitching for Dayton Dragons : RHP Santiago Cruz
Batting: SHB Tony Ortiz 0-0: Ball
1-0: Called Strike
1-1: Called Strike
1-2: Ball
2-2: Strikes out looking
Batting: RHB Francisco Villanueva 0-0: Called Strike
0-1: Ball
1-1: Swinging Strike
1-2: Ground out 4-3 (Groundball, 4, EV 85.6 MPH)
Batting: LHB Chris Ray 0-0: Called Strike
0-1: Ball
1-1: Foul Ball, location: 2LF
1-2: Strikes out looking
Top of the 6th over - 0 runs, 0 hits, 0 errors, 0 left on base; Cedar Rapids 6 - Dayton 2
BOTTOM OF THE 6TH
Dayton Dragons batting - Pitching for Cedar Rapids Kernels : RHP David Perez
Batting: RHB Jacob Morrow 0-0: Called Strike
0-1: Swinging Strike
0-2: Ball
1-2: Ball
2-2: Strikes out swinging
Batting: SHB Ray Bennett 0-0: Ball
1-0: Swinging Strike
1-1: Ball
2-1: Swinging Strike
2-2: Fly out, F8 (Line Drive, 8LM, EV 94.4 MPH)
Pitching: RHP Alfredo Perez
Batting: LHB Scott Guinan 0-0: Ball
1-0: Swinging Strike
1-1: Ground out U3 (Groundball, 34, EV 85.0 MPH)
Bottom of the 6th over - 0 runs, 0 hits, 0 errors, 0 left on base; Cedar Rapids 6 - Dayton 2
TOP OF THE 7TH
Cedar Rapids Kernels batting - Pitching for Dayton Dragons : RHP Santiago Cruz
Batting: SHB Brian Miller 0-0: Fly out, F8 (Line Drive, 8LM, EV 97.5 MPH)
Batting: RHB Ken Vinson 0-0: Ball
1-0: Ball
2-0: Called Strike
2-1: Ground out 4-3 (Groundball, 4M, EV 85.0 MPH)
Batting: RHB Kevin Bell 0-0: Fly out, F9 (Flyball, 9D, EV 81.9 MPH)
Top of the 7th over - 0 runs, 0 hits, 0 errors, 0 left on base; Cedar Rapids 6 - Dayton 2
BOTTOM OF THE 7TH
Dayton Dragons batting - Pitching for Cedar Rapids Kernels : RHP Alfredo Perez
Now in RF: Chris Scott
Batting: LHB Josh Southerland 0-0: Foul Ball, location: 7LDF
0-1: Foul Ball, location: 5FF
0-2: Ball
1-2: Ball
2-2: Ball
3-2: Fly out, F8 (Flyball, 8LD, EV 93.8 MPH)
Batting: RHB Justin Allan 0-0: Ball
1-0: Foul Ball, location: 23F
1-1: Foul Ball, location: 9LSF
1-2: Ball
2-2: Foul Ball, location: 2F
2-2: Foul Ball, location: 5F
2-2: Strikes out swinging
Batting: LHB Steve Alger 0-0: Swinging Strike
0-1: Ball
1-1: Foul Ball, location: 2RF
1-2: Strikes out swinging
Bottom of the 7th over - 0 runs, 0 hits, 0 errors, 0 left on base; Cedar Rapids 6 - Dayton 2
TOP OF THE 8TH
Cedar Rapids Kernels batting - Pitching for Dayton Dragons : RHP Santiago Cruz
Batting: LHB Mike Contreras 0-0: Called Strike
0-1: Called Strike
0-2: Foul Ball, location: 2F
0-2: SINGLE (Groundball, 4MD, EV 105.6 MPH)
Batting: RHB Jesus Barillas 0-0: Called Strike
0-1: Ball
1-1: Called Strike
1-2: Ball
2-2: Ball
3-2: Foul Ball, location: 3DF
3-2: Foul Ball, location: 2F
3-2: Base on Balls
Mike Contreras to second
Batting: RHB Bryan Ruiz 0-0: Ball
1-0: Foul Ball, location: 9LSF
1-1: SINGLE (Groundball, 34D, EV 101.3 MPH)
Mike Contreras to third
Jesus Barillas to second
Batting: SHB Tony Ortiz 0-0: Ball
1-0: Ball
2-0: Ball
3-0: Called Strike
3-1: Base on Balls
Mike Contreras scores
Jesus Barillas to third
Bryan Ruiz to second
Pitching: RHP Jorge Hurtado
Batting: RHB Francisco Villanueva 0-0: Ball
1-0: SINGLE (Line Drive, 6D, EV 98.1 MPH)
Jesus Barillas scores
Bryan Ruiz to third
Tony Ortiz to second
Batting: LHB Chris Ray 0-0: Grounds into fielders choice 4-2 (Groundball, 4S, EV 88.1 MPH)
Tony Ortiz to third
Francisco Villanueva to second
Batting: RHB Chris Scott 0-0: GRAND SLAM HOME RUN (Flyball, 89XD, EV 105.6 MPH), Distance : 402 ft
Batting: RHB Ken Vinson 0-0: Called Strike
0-1: Ball
1-1: Fly out, F9 (Flyball, 9, EV 95.0 MPH)
Batting: RHB Kevin Bell 0-0: Ball
1-0: Swinging Strike
1-1: Foul Ball, location: 2F
1-2: Foul Ball, location: 25F
1-2: Ball
2-2: DOUBLE (Groundball, 5L, EV 105.0 MPH)
Batting: LHB Mike Contreras 0-0: Ball
1-0: SINGLE (Groundball, 4, EV 89.4 MPH)
Kevin Bell to third
Runner from 3rd tries for Home, SAFE, throw by RF to home
Mike Contreras to second
Batting: RHB Jesus Barillas 0-0: Foul Ball, location: 2F
0-1: Swinging Strike
0-2: Ball
1-2: Strikes out swinging
Top of the 8th over - 7 runs, 6 hits, 0 errors, 1 left on base; Cedar Rapids 13 - Dayton 2
BOTTOM OF THE 8TH
Dayton Dragons batting - Pitching for Cedar Rapids Kernels : RHP Alfredo Perez
Pinch Hitting: LHB Alexis Viramontes 0-0: Called Strike
0-1: Ground out 5-3 (Groundball, 5, EV 104.4 MPH)
Batting: RHB Jeff Horn 0-0: Called Strike
0-1: Ball
1-1: Ground out 5-3 (Groundball, 56, EV 93.1 MPH)
Pinch Hitting: RHB Dan Altman 0-0: Called Strike
0-1: Swinging Strike
0-2: Ball
1-2: Ball
2-2: Ball
3-2: SINGLE (Groundball, 4MD, EV 95.6 MPH)
Batting: RHB Jacob Morrow 0-0: Swinging Strike
0-1: Swinging Strike
0-2: Foul Ball, location: 2RF
0-2: Foul Ball, location: 9LDF
0-2: Strikes out swinging
Bottom of the 8th over - 0 runs, 1 hit, 0 errors, 1 left on base; Cedar Rapids 13 - Dayton 2
TOP OF THE 9TH
Cedar Rapids Kernels batting - Pitching for Dayton Dragons : RHP Jorge Hurtado
Now at 2B: Dan Altman
Now at SS: Ray Bennett
Now in LF: Scott Guinan
Now in RF: Alexis Viramontes
Pinch Hitting: LHB Santiago Ramirez 0-0: Ground out 4-3 (Groundball, 4, EV 85.6 MPH)
Pinch Hitting: RHB Justin Baker 0-0: Called Strike
0-1: SINGLE (Groundball, 6, EV 103.8 MPH) (infield hit)
Batting: RHB Francisco Villanueva 0-0: Foul Ball, location: 2F
0-1: Ball
1-1: Swinging Strike
1-2: Fly out, F7 (Flyball, 78M, EV 85.6 MPH)
Batting: LHB Chris Ray 0-0: Ball
1-0: SINGLE (Groundball, 6S, EV 72.5 MPH) (infield hit)
Justin Baker to second
Batting: RHB Chris Scott 0-0: Called Strike
0-1: Ball
1-1: Called Strike
1-2: Foul Ball, location: 2F
1-2: DOUBLE (Flyball, 89D, EV 110.0 MPH)
Justin Baker scores
Chris Ray to third
Runner from 3rd tries for Home, SAFE, throw by RF to trailing runner, SAFE at third!
Pitching: RHP Jose Mercado
Batting: RHB Ken Vinson 0-0: Called Strike
0-1: Fly out, F9 (Flyball, 9D, EV 80.6 MPH)
Top of the 9th over - 2 runs, 3 hits, 0 errors, 1 left on base; Cedar Rapids 15 - Dayton 2
BOTTOM OF THE 9TH
Dayton Dragons batting - Pitching for Cedar Rapids Kernels : RHP Alfredo Perez
Now at 1B: Santiago Ramirez
Now at 3B: Eddie Vigo
Batting: SHB Ray Bennett 0-0: Called Strike
0-1: Fly out, F6 (Popup, 6D, EV 52.5 MPH)
Pitching: RHP Press Kitchen
Pinch Hitting: LHB Liosvany Koehler 0-0: Ball
1-0: Ball
2-0: Foul Ball, location: 5FF
2-1: Ball
3-1: SINGLE (Line Drive, 78M, EV 86.3 MPH)
Batting: LHB Josh Southerland 0-0: Ball
1-0: Ball
2-0: Foul Ball, location: 3FF
2-1: Ball
3-1: Foul Ball, location: 2F
3-2: Foul Ball, location: 2F
3-2: Base on Balls
Liosvany Koehler to second
Batting: RHB Justin Allan 0-0: DOUBLE (Line Drive, 5D, EV 69.4 MPH)
Liosvany Koehler scores
Josh Southerland to third
Batting: LHB Steve Alger 0-0: Ball
1-0: Foul Ball, location: 3F
1-1: SINGLE (Groundball, 34D, EV 106.9 MPH)
Josh Southerland scores
Justin Allan to third
Batting: LHB Alexis Viramontes 0-0: Called Strike
0-1: Ball
1-1: Ball
2-1: Foul Ball, location: 3F
2-2: Strikes out swinging
Batting: LHB Ed Selvage 0-0: Ball
1-0: Foul Ball, location: 5F
1-1: Foul Ball, location: 2F
1-2: Ball
2-2: Ball
3-2: Foul Ball, location: 2F
3-2: Foul Ball, location: 5F
3-2: Foul Ball, location: 5F
3-2: Foul Ball, location: 9LMF
3-2: Base on Balls
Steve Alger to second
Batting: RHB Dan Altman 0-0: Ball
1-0: Ball
2-0: Swinging Strike
2-1: Ball
3-1: Foul Ball, location: 2F
3-2: SINGLE (Groundball, 4MD, EV 101.9 MPH)
Justin Allan scores
Steve Alger to third
Ed Selvage to second
Steve Alger scores
Ed Selvage to third
Pitching: RHP Lance Thomas
Pinch Hitting: LHB Alec Nieves 0-0: Ball
1-0: Foul Ball, location: 3FF
1-1: Swinging Strike
1-2: Foul Ball, location: 9LMF
1-2: Strikes out swinging
Bottom of the 9th over - 4 runs, 4 hits, 0 errors, 2 left on base; Cedar Rapids 15 - Dayton 6
Sunday, May 12th , 2024 - OOTP Baseball 24.11 Build 85